Map: Last Fantasy LE

Players

Jeryhn - Winner!

  • Race: Protoss Protoss
  • League: Diamond
  • Spawn Location: 7:00

SubN

  • Race: Zerg Zerg
  • League: Platinum
  • Spawn Location: 12:00

VOD

Have the link to the VOD?

Description

Time

  • Played on: July 20, 2025, 1:31 p.m.
  • Length: 11:23
Show
View Real Time Build Order
Export as new Build Order

Jeryhn Protoss - Winner!

Build Orders: 1 Gate Expand 

Get SALT Encoding   

  12  0:02  Probe  
  13  0:14  Probe  
  13  0:20  Pylon  
  14  0:25  Probe  
  15  0:34  Probe  
  15  0:40  Gateway  
  16  0:42  Probe  
  17  0:50  Assimilator  
  17  0:54  Probe  
  18  1:10  Probe  
  19  1:24  Nexus  
  19  1:32  Pylon  
  19  1:35  Probe  
  20  1:56  Gateway  
  20  1:59  Zealot  
  22  2:07  Cybernetics Core  
  22  2:13  Forge, Probe  
  23  2:25  Probe  
  24  2:32  Assimilator  
  24  2:37  Probe  
  24  2:39  Probe  
  24  2:44  Warp Gate  
  26  2:47  Adept  
  26  2:49  Probe  
  26  2:50  Shield Battery  
  29  2:53  Probe  
  30  3:02  Probe  
  30  3:05  Probe  
  32  3:12  Stargate  
  32  3:14  Probe x2  
  34  3:22  Probe  
  34  3:26  Probe  
  36  3:28  Protoss Ground Weapons Level 1  
  36  3:31  Probe  
  36  3:38  Gateway, Probe  
  38  3:43  Pylon  
  38  3:45  Probe  
  39  3:50  Probe  
  40  3:56  Assimilator  
  40  3:57  Probe  
  40  4:02  Probe  
  42  4:06  Probe  
  42  4:08  Void Ray  
  47  4:14  Probe  
  47  4:15  Twilight Council  
  48  4:19  Probe  
  48  4:21  Pylon  
  49  4:28  Probe  
  50  4:31  Probe  
  50  4:32  Pylon  
  50  4:33  Zealot  
  53  4:40  Zealot  
  55  4:46  Probe  
  55  4:47  Probe  
  57  4:56  Nexus  
  57  4:58  Probe  
  57  4:59  Pylon  
  58  5:01  Pylon  
  58  5:05  Assimilator, Templar Archives  
  58  5:07  Probe  
  58  5:13  Sentry  
  61  5:14  Probe  
  61  5:19  Probe  
  63  5:25  Gateway, Robotics Facility  
  63  5:26  Probe  
  64  5:31  Probe  
  64  5:34  Gateway  
  65  5:36  Shield Battery  
  65  5:38  Probe  
  66  5:43  Probe  
  67  5:50  Pylon  
  67  5:51  Probe, Assimilator  
  67  5:56  Probe, Assimilator  
  69  5:59  Protoss Ground Armor Level 1  
  69  6:03  Probe  
  70  6:05  Probe  
  70  6:08  Probe  
  72  6:13  Probe  
  72  6:15  Probe  
  72  6:17  High Templar  
  72  6:18  Psionic Storm  
  76  6:20  Observer, Probe  
  78  6:27  Probe, Stalker x2  
  78  6:32  Probe  
  84  6:39  Probe  
  79  6:42  Stalker  
  79  6:43  Stalker  
  79  6:44  Immortal  
  77  6:47  Void Ray  
  77  6:53  Zealot x3  
  82  6:54  Probe x3  
  78  7:06  Stalker x2  
  82  7:14  Stalker x3  
  85  7:22  Immortal  
  83  7:25  Pylon  
  81  7:30  Void Ray, Zealot x2  
  92  7:46  Zealot  
  92  7:48  Gateway  
  92  7:50  Gateway  
  88  7:53  Zealot x2  
  88  8:00  Stalker  
  88  8:04  Immortal  
  92  8:10  Gateway  
  92  8:12  High Templar  
  94  8:21  Robotics Facility, High Templar  
  94  8:23  Robotics Bay  
  96  8:31  High Templar  
  96  8:32  Shield Battery, Zealot  
  100  8:41  Protoss Ground Armor Level 2  
  100  8:42  Pylon  
  100  8:44  Probe  
  101  8:50  Immortal  
  101  8:55  Archon, Zealot x2  
  107  8:59  Nexus  
  107  9:01  Pylon  
  107  9:02  High Templar  
  111  9:03  Pylon  
  111  9:05  Stalker  
  113  9:10  Photon Cannon  
  113  9:12  Photon Cannon  
  113  9:13  Photon Cannon  
  113  9:18  Probe x3  
  113  9:19  Colossus  
  113  9:23  Photon Cannon  
  122  9:30  Probe x2  
  124  9:32  Gateway  
  124  9:33  Gateway, Photon Cannon  
  124  9:39  Colossus  
  124  9:40  Shield Battery  
  124  9:42  Photon Cannon  
  130  9:54  Probe x3  
  133  10:03  Assimilator  
  133  10:04  Pylon  
  133  10:06  Photon Cannon  
  133  10:07  Assimilator  
  133  10:12  Colossus  
  133  10:14  Pylon  
  139  10:16  Pylon, Zealot x4  
  147  10:22  Zealot  
  142  10:29  Zealot  
  142  10:30  Zealot  
  141  10:41  High Templar x2  
  141  10:42  High Templar x3  
  148  10:47  Archon x2  
  148  10:50  Probe x3  
  148  10:56  Pylon  
  151  10:57  Shield Battery  
  151  10:59  Photon Cannon  
  151  11:03  Probe x3  
  154  11:05  Forge  
  154  11:07  Photon Cannon  
  154  11:12  Pylon  
Show
View Real Time Build Order
Export as new Build Order

SubN Zerg 

Build Orders: Pool First, Lurkers 

Get SALT Encoding   

  12  0:00  Drone  
  13  0:12  Overlord  
  13  0:18  Drone  
  14  0:31  Drone x2  
  16  0:44  Spawning Pool  
  16  0:46  Drone  
  16  0:49  Drone  
  17  0:54  Extractor  
  16  1:02  Drone  
  17  1:19  Hatchery  
  17  1:24  Drone x2  
  18  1:32  Drone  
  19  1:41  Queen  
  21  1:48  Overlord  
  21  2:01  Drone  
  22  2:14  Drone  
  23  2:19  Roach Warren  
  22  2:24  Queen  
  22  2:27  Overlord  
  24  2:36  Queen  
  26  2:47  Drone x3  
  29  3:00  Drone  
  29  3:01  Drone x3  
  29  3:05  Extractor  
  32  3:09  Drone x2  
  32  3:10  Drone  
  35  3:18  Lair  
  35  3:28  Drone x4  
  39  3:35  Drone x2  
  41  3:43  Queen  
  41  3:46  Overlord  
  43  3:56  Overlord  
  43  4:04  Drone x2  
  43  4:06  Drone  
  43  4:08  Drone x2  
  43  4:09  Drone  
  49  4:13  Extractor  
  48  4:22  Overseer  
  48  4:27  Overseer  
  48  4:35  Drone  
  50  4:38  Drone  
  50  4:39  Roach  
  50  4:40  Roach x4  
  60  4:47  Metabolic Boost  
  60  4:50  Overlord  
  60  4:51  Overlord x3  
  60  5:03  Hydralisk Den  
  60  5:05  Overlord x4  
  59  5:18  Ravager  
  59  5:19  Ravager  
  63  5:21  Roach x2  
  63  5:22  Roach x3  
  63  5:25  Hatchery  
  70  5:36  Overlord x3  
  70  5:39  Glial Reconstitution  
  70  5:49  Ravager x2  
  72  5:51  Roach x4  
  80  5:57  Grooved Spines  
  80  6:03  Hydralisk  
  82  6:06  Zergling x6  
  82  6:07  Zergling x2  
  77  6:47  Muscular Augments  
  77  6:48  Hydralisk x7  
  77  6:49  Hydralisk  
  87  7:05  Queen  
  85  7:08  Zergling x2  
  85  7:09  Zergling x20  
  50  8:10  Zergling x30  
  50  8:11  Zergling x6  
  68  8:19  Lurker Den  
  67  8:20  Queen  
  67  8:26  Drone x3  
  72  8:35  Drone x3  
  75  8:48  Drone x5  
  80  8:53  Extractor  
  79  8:57  Extractor  
  79  8:58  Hatchery  
  73  9:06  Overseer  
  73  9:14  Evolution Chamber  
  73  9:15  Evolution Chamber  
  71  9:17  Drone x2  
  71  9:18  Drone x3  
  71  9:21  Hydralisk x6  
  71  9:22  Hydralisk x2  
  92  9:32  Baneling Nest  
  92  9:38  Zergling x16  
  99  9:49  Drone x8  
  107  10:08  Drone x2  
  107  10:10  Drone x3, Extractor  
  95  10:40  Hydralisk x7  
  103  10:55  Roach x6  
  115  10:59  Lurker x5  
  115  11:00  Lurker x2  
  122  11:05  Overlord x2  
  122  11:06  Drone x4  
Tags
 
Add a new tag
Caveats
  • Supply blocks, unpowered buildings, or Contaminate may cause inaccurate times.
  • Supply counts are checked every 10 seconds.